 Dungeon Crawl Stone Soup version 0.29-a0-338-g1ff7896281 (webtiles) character file.

Game seed: 7326723120270683209

450 Majang the Bolt Thrower (level 7, -1/41 HPs)
             Began as a Tengu Hunter on Apr 19, 2022.
             Slain by a black bear (2 damage)
             ... on level 4 of the Dungeon.
             The game lasted 00:13:03 (3702 turns).

Majang the Bolt Thrower (Tengu Hunter)              Turns: 3702, Time: 00:13:04

Health: -1/41      AC:  6    Str: 11    XL:     7   Next: 4%
Magic:  8/8        EV: 14    Int: 10    God:
Gold:   192        SH:  0    Dex: 19    Spells: 6/6 levels left

rFire   . . .      SeeInvis .   a - +1 hand crossbow
rCold   . . .      Faith    .   (no shield)
rNeg    . . .      Spirit   .   f - +1 ring mail
rPois   .          Reflect  .   (helmet restricted)
rElec   .          Harm     .   (no cloak)
rCorr   .          Rampage  .   (no gloves)
Will    +....                   (boots unavailable)
Stlth   +.........              (no amulet)
HPRegen 0.13/turn               k - ring of willpower
MPRegen 0.11/turn               (no ring)

@: flying quickly and evasively, quick
A: beak, talons 3, nimble flight
a: no special abilities


You were on level 4 of the Dungeon.
You visited 1 branch of the dungeon, and saw 4 of its levels.

You collected 192 gold pieces.

Inventory:

Hand Weapons
 a - a +1 hand crossbow (weapon)
 b - a +0 short sword
Armour
 d - a +0 leather armour
 f - a +1 ring mail (worn)
Jewellery
 k - a ring of willpower (left hand)
Wands
 u - a wand of digging (3)
Scrolls
 c - a scroll of immolation
 e - a scroll of teleportation
 g - 3 scrolls of identify {unknown}
 l - a scroll of magic mapping
Potions
 h - 4 potions of curing {unknown}
 i - a potion of brilliance {unknown}
 m - a potion of degeneration {unknown}
 o - 4 potions of haste {unknown}
 r - a potion of invisibility {unknown}


   Skills:
 + Level 3.3 Fighting
 * Level 4.0 Long Blades
 * Level 6.2 Crossbows
 + Level 2.2 Armour
 + Level 3.3 Dodging
 - Level 1.0 Stealth


You had 6 spell levels left.
You didn't know any spells.
Your spell library contained the following spells:

 Spells                   Type           Power      Damage    Failure   Level
 Shock                    Conj/Air       0%         1d3       65%         1
 Call Canine Familiar     Summ           0%         N/A       95%         3
 Portal Projectile        Hex/Tloc       0%         N/A       95%         3
 Swiftness                Air            0%         N/A       95%         3
 Airstrike                Air            0%         N/A       100%        4
 Leda's Liquefaction      Hex/Erth       0%         N/A       100%        4


Dungeon Overview and Level Annotations

Branches:
Dungeon (4/15)             Temple (0/1) D:4

Altars:
Sif Muna
Vehumet


Innate Abilities, Weirdness & Mutations

You have a beak for a mouth.
You have claws for feet.
Your magical nature lets you fly swiftly and evasively.


Message History

You shoot a bolt.
The bolt hits the black bear but does no damage.
The black bear is heavily wounded.
The black bear bites you.
The black bear claws you but does no damage. x2
You shoot a bolt. The bolt hits the black bear.
The black bear is severely wounded.
The black bear closely misses you.
The black bear claws you but does no damage.
The black bear claws you.
You are too injured to fight recklessly!
You are too injured to fight recklessly!
You are too injured to fight recklessly!
You don't know any spells.
Shoot: a) +1 hand crossbow
Press: ? - help, Shift-Dir - straight line, f/p - black bear
Aim: a black bear (severely wounded, 73% to hit)
You shoot a bolt. The bolt hits the black bear.
The black bear is severely wounded.
The black bear goes berserk!
The black bear closely misses you. x2
The black bear misses you.
Shoot: a) +1 hand crossbow
Press: ? - help, Shift-Dir - straight line, f/p - black bear
Aim: a black bear (severely wounded, berserk, 73% to hit)
You shoot a bolt. The bolt barely misses the black bear.
The black bear misses you.
The black bear claws you but does no damage.
The black bear closely misses you. The black bear bites you!
* * * LOW HITPOINT WARNING * * *
The black bear completely misses you.
The black bear claws you but does no damage.
Shoot: a) +1 hand crossbow
Press: ? - help, Shift-Dir - straight line, f/p - black bear
Aim: a black bear (severely wounded, berserk, 73% to hit)
You shoot a bolt. The bolt hits the black bear.
The black bear is severely wounded.
The black bear bites you!
* * * LOW HITPOINT WARNING * * *
The black bear claws you.
You die...

*,,,.......###.#...............,*
+,,,.......,,..#...^...........,*
*,,,.......*####......#########**
*,,,.......***,#......'..,,,,,,,,
*,,,.......*,,,#......###****,,,,
*,,,,,,,,,,**,,#......+,,,,,,,,,,
*,,,,,,,,,,**,,#......##****,,,,,
*,,,,,,,,,,*#.,#.........,,*,,,,,
,,,*******,*#.##@#.......,,**,,,,
,,,* *,*#.##h###.####*,,,,,,,
,,,* #,*#†##)# *.# *,*,*+**
,,,****###.*#.##)# *.# *,*,*,,,
,,,+,,,....##'##'###+### *,*,*,,,
,,,***#####............# *,*,*,,,
,,,,,,.................# *,*,*,,,
,*,,,,.......h.........# *,*,*,,,
**,***#####............# *,*,*,,,


You could see a black bear (berserk).

Vanquished Creatures
  Sigmund (D:2)
  2 orc priests
  An orc wizard (D:3)
  Natasha (thrice) (D:2)
  Robin (D:3)
  A gnoll (D:4)
  2 adders (D:3)
  A white imp (D:3)
  2 worms
  4 dart slugs (D:1)
  7 orcs
  3 endoplasms
  2 giant cockroaches
  10 goblins
  12 hobgoblins
  2 jackals
  2 quokkas (D:2)
  2 ball pythons (D:1)
  7 bats
  5 frilled lizards
  11 kobolds
  7 rats
88 creatures vanquished.

Notes
Turn   | Place    | Note
-------+----------+-------------------------------------------
     0 | D:1      | Majang the Tengu Hunter began the quest for the Orb.
     0 | D:1      | Reached XP level 1. HP: 12/12 MP: 2/2
    53 | D:1      | Reached XP level 2. HP: 17/17 MP: 3/3
    75 | D:1      | Reached skill level 1 in Long Blades
   316 | D:1      | Reached XP level 3. HP: 22/22 MP: 4/4
   561 | D:2      | Reached skill level 5 in Crossbows
   898 | D:2      | Noticed Natasha
   901 | D:2      | Killed Natasha
   902 | D:2      | Reached XP level 4. HP: 27/27 MP: 5/5
   979 | D:2      | Noticed Natasha
   982 | D:2      | Killed Natasha
  1028 | D:2      | Found a faded altar of an unknown god.
  1147 | D:2      | Noticed Sigmund
  1158 | D:2      | Killed Sigmund
  1159 | D:2      | Reached skill level 1 in Armour
  1159 | D:2      | Gained mutation: Your magical nature lets you fly swiftly
                  | and evasively. [Tengu growth]
  1159 | D:2      | Reached XP level 5. HP: 32/32 MP: 6/6
  1159 | D:2      | Reached XP level 6. HP: 37/37 MP: 7/7
  1510 | D:3      | Noticed Robin
  1534 | D:3      | Killed Robin
  2244 | D:3      | Found a shimmering blue altar of Sif Muna.
  2943 | D:2      | Noticed Natasha
  2954 | D:2      | Killed Natasha
  2955 | D:2      | Reached skill level 6 in Crossbows
  3390 | D:4      | Found a radiant altar of Vehumet.
  3598 | D:4      | Reached XP level 7. HP: 39/41 MP: 8/8
  3702 | D:4      | HP: 1/41 [black bear (11)]
  3702 | D:4      | Slain by a black bear

Illustrated notes

Levels and vault maps discovered:
D:1:      lightli_arrival_maybe_door_vault, layout_rooms,
          amcnicky_mini_corridor_feature
D:2:      layout_rooms, shapermc_ecumenical_altar_petra,
          minmay_misc_feat_encased, hangedman_decor_peaks_small, st_stairs_9,
          lemuel_old_faithful, uniq_sigmund, uniq_natasha
D:3:      layout_basic, kennysheep_orc_sif_temple, uniq_robin
D:4:      black_bear_nest_2, layout_basic, mainiacjoe_overflow_surrounded_room,
          temple_green, uniq_duvessa

Skill      XL: |  1  2  3  4  5  6  7 |
---------------+----------------------+-----
Long Blades    | 1 2 3 4 |  4.0
Crossbows      | 5 6 |  6.2
Fighting       | 3 |  3.3
Armour         | 1 2 |  2.2
Dodging        | 3 |  3.3
Stealth        | |  1.0

Action                   |  1- 3 |  4- 6 |  7- 9 || total
-------------------------+-------+-------+-------++-------
 Fire: Hand crossbow     |    84 |   163 |    28 ||   275
  Use: Scroll            |       |     9 |       ||     9
Armor: Ring mail         |    11 |    31 |    13 ||    55
Dodge: Dodged            |    13 |    56 |    35 ||   104

Table legend: (Time is in decaauts)
 A = Elapsed time spent in this place.
 B = Non-inter-level travel time spent in this place.
 C = Inter-level travel time spent in this place.
 D = Time resting spent in this place.
 E = Time spent auto-exploring this place.
 F = Levels seen in this place.
 G = Mean time per level.
                   A        B        C        D        E       F      G
               +--------+--------+--------+--------+--------+-----+--------+
         Total |   3663 |   3232 |    431 |   1098 |   1396 |   4 |  915.8 |
       Dungeon |   3663 |   3232 |    431 |   1098 |   1396 |   4 |  915.8 |
               +--------+--------+--------+--------+--------+-----+--------+

Top non-repeatable levels by time:
     D:3: 1818 daAuts
     D:2: 1062 daAuts
     D:1: 546 daAuts
     D:4: 235 daAuts
